 Dungeon Crawl Stone Soup version 0.32-a0-898-g7811c86cf0 (webtiles) character file.

Game seed: 12390773866975686363

79 Lanoc the Slasher (level 4, -1/52 HPs)
             Began as a Coglin Berserker on Apr 4, 2024.
             Was a Believer of Trog.
             Slain by a ribbon worm (6 damage)
             ... on level 3 of the Dungeon.
             The game lasted 00:01:44 (1634 turns).

Lanoc the Slasher (Coglin Berserker)                Turns: 1634, Time: 00:01:45

Health: -1/52      AC:  2    Str: 17    XL:     4   Next: 37%
Magic:  4/4        EV: 11    Int:  7    God:    Trog [**....]
Gold:   90         SH:  0    Dex: 15    Spells: 3/3 levels left

rFire   . . .        a - +0 falchion {Khabaw}
rCold   . . .        g - +0 dagger (venom) {Dalbir}
rNeg    . . .        b - +0 animal skin
rPois   .            (no helmet)
rElec   .            (no cloak)
rCorr   .            (no gloves)
SInv    .            (no boots)
Will    .....        (amulet unavailable) Stlth
                     (ring unavailable)
HPRegen 0.28/turn    (ring unavailable)
MPRegen 0.09/turn    (no gizmo)

%: no passive effects
@: berserking, revving, very quick
A: off-hand wielding, slow wielding, warmup strikes, no jewellery
a: Invent Gizmo, Renounce Religion, Berserk, Trog's Hand


You were on level 3 of the Dungeon.
You worshipped Trog.
Trog was pleased with you.
You visited 1 branch of the dungeon, and saw 3 of its levels.

You collected 90 gold pieces.

Inventory:

Hand Weapons
 a - a +0 falchion (weapon) {Khabaw}
 g - a +0 dagger of venom (offhand) {Dalbir}
Armour
 b - a +0 animal skin (worn)
Scrolls
 d - a scroll of fear {unknown}
 f - 4 scrolls of immolation {unknown}
 h - a scroll of silence {unknown}
 i - a scroll of enchant armour {unknown}
 j - a scroll of identify {unknown}
 k - a scroll of amnesia {unknown}
Potions
 c - 2 potions of might {unknown}
 e - a potion of resistance {unknown}


   Skills:
 + Level 3.4 Fighting
 * Level 3.9 Long Blades
 + Level 2.3 Armour
 + Level 2.3 Dodging


You had 3 spell levels left.
You didn't know any spells.
Your spell library was empty.

Dungeon Overview and Level Annotations

Branches:
Dungeon (3/15)

Altars:
Ashenzari


Innate Abilities, Weirdness & Mutations

You can wield a second weapon in your off-hand.
It takes a long time for you to wield or remove held weapons.
Your first few attacks do less damage.
You cannot equip rings or amulets.


Message History

The web tears apart.
The ribbon worm expels a string of sticky webbing.
The stream of webbing hits you but does no damage.
You are caught in a web!
The ribbon worm completely misses you.
You fail to use your ability.
The ribbon worm expels a string of sticky webbing.
The stream of webbing hits you but does no damage.
You are even more entangled.
The ribbon worm bites you!
The ribbon worm bites you but does no damage.
You struggle to detach yourself from the web.
You struggle to detach yourself from the web.
The ribbon worm bites you. x2
You struggle to detach yourself from the web.
The ribbon worm barely misses you. The ribbon worm bites you!
* * * LOW HITPOINT WARNING * * *
The web tears apart.
The ribbon worm bites you but does no damage.
The ribbon worm closely misses you.
A red film seems to cover your vision as you go berserk!
You feel yourself moving faster!
You feel mighty! The ribbon worm bites you.
* * * LOW HITPOINT WARNING * * *
The ribbon worm closely misses you.
The ribbon worm expels a string of sticky webbing.
The stream of webbing hits you but does no damage.
You are caught in a web!
The web tears apart.
You feel a strong urge to attack something.
You barely miss the ribbon worm with your +0 dagger of venom.
You slash the ribbon worm with your +0 falchion!
The ribbon worm misses you. The ribbon worm closely misses you.
The ribbon worm bites you.
* * * LOW HITPOINT WARNING * * *
You barely miss the ribbon worm with your +0 dagger of venom.
The ribbon worm is heavily wounded.
You hit the ribbon worm with your +0 falchion.
You slash the ribbon worm with your +0 falchion!
You kill the ribbon worm!
Trog accepts your kill. The ribbon worm barely misses you.
The ribbon worm bites you.
You die...

##......##......... ..
............#####.. ...
........<.. #####..
###.## #../..####......
#.....# #...............
^......##?....####...<..
^^...^..#...............
..^..^^w.........##).##.
^.....†@.....##.........
......^w#...........<##.
....>^..####.........#..
.^.....## ........... .
#.....# ###..#..###
##..## .....# .... ..
...


You could see 2 ribbon worms.

Vanquished Creatures
  3 adders
  A ribbon worm (D:3)
  An orc (D:3)
  7 ball pythons
  5 bats
  6 endoplasms
  2 giant cockroaches (D:2)
  5 goblins
  2 hobgoblins
  2 jackals (D:1)
  4 kobolds (D:1)
  2 quokkas
  4 frilled lizards
  6 rats
50 creatures vanquished.

Notes
Turn   | Place    | Note
-------+----------+-------------------------------------------
     0 | D:1      | Lanoc the Coglin Berserker began the quest for the Orb.
     0 | D:1      | Reached XP level 1. HP: 18/18 MP: 1/1
    72 | D:1      | Reached XP level 2. HP: 4/24 MP: 2/2
   164 | D:1      | Found a faded altar of an unknown god.
   309 | D:1      | Reached XP level 3. HP: 25/29 MP: 3/3
   557 | D:1      | Reached ** piety under Trog
  1240 | D:2      | Reached XP level 4. HP: 34/35 MP: 4/4
  1548 | D:3      | Found a broken altar of Ashenzari.
  1634 | D:3      | Slain by a ribbon worm

Illustrated notes

Levels and vault maps discovered:
D:1:      dpeg_arrival_rooms_b, layout_basic, shapermc_ecumenical_altar_venn,
          minmay_strange_pillars
D:2:      layout_basic, minmay_pentomino_pile
D:3:      layout_rooms, vehumet_altar_wand_db, cheibrodos_ashenzari_chains,
          chequers_temple_overflow_minitemple, nicolae_wormholes

Skill      XL: |  1  2 |
---------------+-------+-----
Armour         | 2 |  2.3
Dodging        | 2 |  2.3
Fighting       | |  3.4
Long Blades    | |  3.9

Action                     |  1- 3 |  4- 6 || total
---------------------------+-------+-------++-------
  Melee: Falchion          |    78 |    17 ||    95
         Dagger            |    68 |    16 ||    84
 Invoke: Berserk           |       |     1 ||     1
   Stab: Sleeping          |     1 |       ||     1
 Armour: Animal skin       |    50 |    31 ||    81
  Dodge: Dodged            |    67 |    14 ||    81

Table legend: (Time is in decaauts)
 A = Elapsed time spent in this place.
 B = Non-inter-level travel time spent in this place.
 C = Inter-level travel time spent in this place.
 D = Time resting spent in this place.
 E = Time spent auto-exploring this place.
 F = Levels seen in this place.
 G = Mean time per level.
                   A        B        C        D        E       F      G
               +--------+--------+--------+--------+--------+-----+--------+
         Total |   1634 |   1562 |     72 |      0 |   1265 |   3 |  544.7 |
       Dungeon |   1634 |   1562 |     72 |      0 |   1265 |   3 |  544.7 |
               +--------+--------+--------+--------+--------+-----+--------+

Top non-repeatable levels by time:
     D:1: 729 daAuts
     D:2: 701 daAuts
     D:3: 202 daAuts
